 Dungeon Crawl Stone Soup version 0.30.1-9-gdf580d7c3d (webtiles) character file.

Game seed: 11724692517240083521

2286 Flure the Martial Artist (level 9, -1/86 HPs)
             Began as a Meteoran Transmuter on Oct 7, 2023.
             Was a Follower of Okawaru.
             Slain by a warg (10 damage)
             ... on level 9 of the Dungeon on Oct 8, 2023.
             The game lasted 00:17:56 (2447 turns).

Flure the Martial Artist (Meteoran Transmuter)      Turns: 2447, Time: 00:17:58

Health: -1/86      AC:  9    Str: 11    XL:     9   Next: 98%
Magic:  14/14      EV: 12    Int: 17    God:    Okawaru [*.....]
Gold:   339        SH:  0    Dex: 18    Spells: 4/14 levels left

rFire   . .          .
                       - Unarmed
rCold   + + +        (shield currently unavailable)
rNeg    . . .        h - melded +0 robe
rPois   +            f - melded +0 helmet
rElec   .            (cloak currently unavailable)
rCorr   .            (gloves currently unavailable)
SInv    .            (boots currently unavailable)
Will    +....        (no amulet)
Stlth   +            m - ring of protection from fire
HPRegen 0.34/turn    (no ring)
MPRegen 0.14/turn

%: no passive effects
@: brilliant, lethally poisoned (-1 -> -2), about to teleport, ice-form
(expiring), wereblooded, glowing
A: freezing attack, amphibious, boosted hp, large, sense surroundings 2,
otherworldly, glowing, explore regen, (large bone plates 1)
a: End Transformation, Renounce Religion, Heroism


You were on level 9 of the Dungeon.
You worshipped Okawaru.
Okawaru was aware of your devotion.
You were a creature of crystalline ice.
You visited 1 branch of the dungeon, and saw 9 of its levels.

You collected 339 gold pieces.

Inventory:

Missiles
 a - 8 boomerangs
 c - 11 poisoned darts
 i - 5 javelins
Armour
 f - a +0 helmet (melded)
 h - a +0 robe (melded)
 p - a +0 leather armour of poison resistance
Jewellery
 m - a ring of protection from fire (left front paw)
Wands
 q - a wand of quicksilver (12)
Scrolls
 b - a scroll of immolation
 d - a scroll of teleportation
 e - a scroll of blinking {unknown}
 o - a scroll of enchant weapon {unknown}
 r - a scroll of enchant armour {unknown}
 s - a scroll of fog {unknown}
 v - a scroll of amnesia {unknown}
Potions
 k - a potion of mutation
 l - a potion of flight
 n - a potion of might
 t - 2 potions of brilliance


   Skills:
 + Level 4.3 Fighting
 + Level 5.3 Dodging
 * Level 8.9 Unarmed Combat
 - Level 3.0 Spellcasting
 * Level 8.6 Transmutations
 * Level 4.8 Ice Magic
 - Level 1.0 Poison Magic


You had 4 spell levels left.
You knew the following spells:

 Your Spells              Type           Power      Damage    Failure   Level
a - Beastly Appendage     Tmut           94%        N/A       1%          1
b - Wereblood             Tmut           47%        N/A       1%          2
c - Spider Form           Tmut/Pois      28%        N/A       8%          3
d - Ice Form              Ice/Tmut       38%        N/A       11%         4

Your spell library contained the following spells:

 Spells                   Type           Power      Damage    Failure   Level
 Alistair's Intoxication  Tmut/Pois      18%        N/A       56%         5
 Eringya's Noxious Bog    Tmut/Pois      14%        N/A       98%         6
 Borgnjor's Vile Clutch   Necr/Erth      1%         N/A       99%         5


Dungeon Overview and Level Annotations

Branches:
Dungeon (10/15) Zot: 2968  Temple (0/1) D:6
   Lair: D:8-11         Orc: D:9-12

Altars:
Hepliaklqana
Makhleb
Okawaru
Xom

Shops:
D:2 =   D:4 [   D:6 :


Innate Abilities, Weirdness & Mutations

You are a creature of crystalline ice.
You have a powerful freezing melee attack.
You are amphibious.
Your maximum health is increased.
Your armour is entirely melded.
You are incapable of wielding weapons or throwing items.
You passively map the area around you.
You are easily found by Zot.
You glow in the dark.
You regain HP and MP as you explore.
((You are partially covered in large bone plates. (SH +4)))


Message History

Your transformation is almost over.
The killer bee stings you!
The centaur hits you but does no damage.
The centaur kicks you but does no damage.
A warg comes into view.
The killer bee stings you. The killer bee stings you!
The killer bee attacks as you move away!
The killer bee stings you. The centaur barely misses you.
The centaur kicks you but does no damage.
The killer bee stings you. x2
* * * LOW HITPOINT WARNING * * *
The killer bee barely misses you. x2
The killer bee stings you but does no damage.
The killer bee stings you.
* * * LOW HITPOINT WARNING * * *
You are poisoned.
The killer bee poisons you!
An orc priest comes into view. It is wielding a +0 dagger.
The sentinel's mark upon you fades away.
You feel sick. The warg completely misses you. The killer bee stings you.
* * * LOW HITPOINT WARNING * * *
As you read the scroll of teleportation, it crumbles to dust.
You feel strangely unstable.
You howl as the wereblood boils in your veins!
You feel sick. The killer bee stings you.
* * * LOW HITPOINT WARNING * * *
A warg comes into view.
The warg bites you.
* * * LOW HITPOINT WARNING * * *
The killer bee stings you.
* * * LOW HITPOINT WARNING * * *
The killer bee stings you but does no damage.
The warg moves out of view.
You punch the killer bee! You freeze the killer bee.
The killer bee is almost dead.
You feel sick. The killer bee stings you.
* * * LOW HITPOINT WARNING * * *
The killer bee stings you but does no damage.
The warg bites you!
You die...

........##..####.#
.................#
.................#
.........>.......#
##########'#####.#
...........†..o.c#
#.##########y).yy#
,... #)###y#
,....., ,,#.#*#Y#
.P.P...


#.oohy# ....... #.....# ....oP., #.....# ###..yY #o....# *, , .'.....# ,,,
,..#.....# * * ,..#.....# , , , You could see a warg, a centaur, 4 killer bees,
an orc priest and 3 orcs.

Vanquished Creatures
  A troll (D:10)
  A wyvern (D:5)
  A yak (D:9)
  2 black bears
  An orc warrior (D:9)
  An ogre (D:5)
  5 scorpions
  5 wights (D:9)
  6 killer bees (D:9)
  5 howler monkeys (D:9)
  3 hounds
  An orc priest (D:9)
  A jelly (D:3)
  2 iguanas
  4 orc wizards
  3 gnolls (D:3)
  4 adders
  A shadow imp (D:5)
  4 worms
  A dart slug (D:3)
  17 orcs
  4 ball pythons
  2 bats
  5 endoplasms
  4 giant cockroaches
  7 goblins
  4 hobgoblins
  5 quokkas
  A frilled lizard (D:1)
  2 kobolds (D:1)
  5 rats
108 creatures vanquished.

Notes
Turn   | Place    | Note
-------+----------+-------------------------------------------
     0 | D:1      | Flure the Meteoran Transmuter began the quest for the Orb.
     0 | D:1      | Reached XP level 1. HP: 16/16 MP: 5/5
    28 | D:1      | Reached XP level 2. HP: 20/23 MP: 6/6
   218 | D:2      | Reached XP level 3. HP: 27/28 MP: 5/8
   223 | D:2      | Found a burning altar of Makhleb.
   244 | D:2      | Learned a level 2 spell: Wereblood
   248 | D:2      | Learned a level 3 spell: Spider Form
   427 | D:3      | Reached XP level 4. HP: 36/36 MP: 5/9
   498 | D:2      | Found Boetetz's Jewellery Boutique.
   575 | D:3      | Reached skill level 1 in Poison Magic
   575 | D:3      | Reached XP level 5. HP: 15/41 MP: 1/10
   587 | D:3      | Gained mutation: You are partially covered in large bone
                  | plates. (SH +4) [potion of mutation]
   692 | D:3      | Found a shimmering altar of Xom.
   693 | D:3      | Found a hazy altar of Hepliaklqana.
   694 | D:3      | Noticed a spectral ugly thing
   921 | D:3      | Reached XP level 6. HP: 35/50 MP: 6/11
   996 | D:4      | Reached skill level 5 in Unarmed Combat
  1004 | D:4      | Found Atem Pou's Antique Armour Emporium.
  1083 | D:4      | Noticed a black bear
  1095 | D:4      | Killed a black bear
  1119 | D:5      | Entered Level 5 of the Dungeon
  1176 | D:5      | Noticed an ogre
  1181 | D:5      | Noticed a wyvern
  1187 | D:5      | Killed an ogre
  1188 | D:5      | Reached skill level 5 in Transmutations
  1188 | D:5      | Reached XP level 7. HP: 34/57 MP: 9/12
  1196 | D:5      | Killed a wyvern
  1225 | D:5      | Reached XP level 8. HP: 22/63 MP: 11/13
  1628 | D:5      | Found an iron altar of Okawaru.
  1753 | D:5      | Became a worshipper of Warmaster Okawaru
  1767 | D:6      | Found Duuv's Book Boutique.
  1794 | D:6      | Learned a level 4 spell: Ice Form
  1808 | D:6      | Found a staircase to the Ecumenical Temple.
  2014 | D:6      | Reached skill level 5 in Dodging
  2014 | D:6      | Reached skill level 1 in Ice Magic
  2067 | D:7      | You fall into a shaft and drop 2 floors!
  2096 | D:9      | Noticed a two-headed ogre
  2107 | D:10     | Entered Level 10 of the Dungeon
  2107 | D:10     | Noticed a troll
  2110 | D:10     | Killed a troll
  2111 | D:10     | Gained mutation: You passively map the area around you.
                  | [Meteoran growth]
  2111 | D:10     | Reached XP level 9. HP: 71/71 MP: 14/14
  2258 | D:9      | Reached * piety under Okawaru
  2447 | D:9      | Slain by a warg

Illustrated notes

Levels and vault maps discovered:
D:1:      eino_arrival_water_cross, layout_basic
D:2:      layout_basic, serial_shops, shop, basic_altar, chequers_garden
D:3:      layout_rooms, regret_index_temple_of_mockery
D:4:      layout_rooms, serial_shops, kennysheep_little_box, minmay_small_thing
D:5:      kb_forest_paths, layout_basic, okawaru_ov_weapons_minmay,
          serial_shops, nicolae_shop_crystal, hangedman_decor_clover_reticule,
          minivault_5, minmay_manual_monstrance
D:6:      layout_loops_ring, minmay_temple_entry_antechambers, serial_rivers,
          chequers_serial_rivers_micro_b, chequers_serial_rivers_marsh,
          chequers_serial_rivers_micro_e, chequers_serial_rivers_micro_c,
          chequers_serial_rivers_marsh, serial_shops, shop, fountainhead
D:7:      layout_basic, uniq_menkaure, uniq_maggie
D:9:      lemuel_castle_with_subvaults [lemuel_castle_interior_carwin_2],
          layout_stronghold, grunt_lair_entry_orc_guard_hut, orc_0_dummy,
          lightli_corner_chamber
D:10:     layout_roguey

Skill      XL: |  1  2  3  4  5  6  7  8  9 |
---------------+----------------------------+-----
Spellcasting   | 3 |  3.0
Unarmed Combat | 4 5 6 7 8 |  8.9
Transmutations | 3 4 5 7 8 |  8.6
Dodging        | 3 4 5 |  5.3
Fighting       | 2 3 4 |  4.3
Poison Magic   | 1 |  1.0
Ice Magic      | 2 4 |  4.8

Action                     |  1- 3 |  4- 6 |  7- 9 || total
---------------------------+-------+-------+-------++-------
  Melee: Unarmed           |    49 |   114 |   147 ||   310
         Headbutt          |     7 |     9 |     9 ||    25
         Kick              |     6 |    11 |    14 ||    31
         Punch             |       |     3 |     3 ||     6
  Throw: Dart              |     1 |     2 |       ||     3
         Boomerang         |       |     1 |       ||     1
   Cast: Beastly Appendage |     8 |     9 |     8 ||    25
         Spider Form       |     1 |     5 |     4 ||    10
         Wereblood         |     1 |     3 |    10 ||    14
         Ice Form          |       |       |     4 ||     4
 Invoke: Heroism           |       |       |     1 ||     1
Ability: End Transformatio |       |       |     2 ||     2
  Evoke: Wand              |       |       |     3 ||     3
    Use: Potion            |     1 |     2 |     6 ||     9
         Scroll            |       |       |     6 ||     6
 Armour: Robe              |     4 |    18 |     8 ||    30
         Skin              |     1 |     3 |    37 ||    41
  Dodge: Dodged            |    22 |    77 |   108 ||   207
  Block: Other             |       |    13 |    17 ||    30
